 Dungeon Crawl Stone Soup version 0.27.0-1-g7a089689b8 (webtiles) character file.

Game seed: 4265886485248837276

110 ZARRMARR the Chopper (level 4, 0/40 HPs)
             Began as a Hill Orc Monk on Aug 14, 2021.
             Was a Believer of Beogh.
             Slain by a jelly (3 damage)
             ... on level 5 of the Dungeon.
             The game lasted 00:15:17 (3912 turns).

ZARRMARR the Chopper (Hill Orc Monk)                Turns: 3912, Time: 00:15:17

Health: 0/40       AC: -14   Str: 14    XL:     4   Next: 91%
Magic:  4/4        EV: 12    Int: 16    God:    Beogh [**....]
Gold:   131        SH:  0    Dex: 13    Spells: 1/3 levels left

rFire    . . .     SeeInvis .   a - +0 hand axe
rCold    . . .     Faith    +   (no shield)
rNeg     . . .     Spirit   .   b - +0 robe
rPois    .         Reflect  .   (no helmet)
rElec    .         Harm     .   (no cloak)
rCorr    .         Rampage  .   (no gloves)
Will     .....                  (no boots)
Stlth    ++........             p - amulet of faith
HPRegen  0.13/turn              r - +6 ring of intelligence
MPRegen  0.09/turn              (no ring)

@: corroded
A: no striking features
a: Renounce Religion, Smiting


You were on level 5 of the Dungeon.
You worshipped Beogh.
Beogh was pleased with you.
You visited 1 branch of the dungeon, and saw 5 of its levels.

You collected 179 gold pieces.
You spent 48 gold pieces at shops.

Inventory:

Hand Weapons
 a - a +0 hand axe (weapon)
 t - a +1 flail of draining
Missiles
 c - 13 stones (quivered)
Armour
 b - a +0 robe (worn)
Jewellery
 p - an amulet of faith (around neck)
 r - a +6 ring of intelligence (left hand)
Scrolls
 e - a scroll of fog
 h - a scroll of amnesia
 i - a scroll of enchant weapon {unknown}
 m - a scroll of noise {unknown}
 q - a scroll of immolation {unknown}
Potions
 d - a potion of heal wounds {unknown}
 g - 2 potions of berserk rage {unknown}
 j - a potion of might {unknown}
 k - 3 potions of lignification {unknown}
 l - 2 potions of curing {unknown}
 n - 3 potions of haste
 o - a potion of degeneration {unknown}
 s - a potion of flight {unknown}


   Skills:
 + Level 4.1 Fighting
 + Level 5.4 Axes
 + Level 0.8 Throwing
 + Level 2.9 Dodging
 + Level 1.8 Stealth
 * Level 0.4 Spellcasting
 * Level 0.2 Transmutations
 * Level 0.4 Earth Magic
 * Level 0.3 Invocations


You had one spell level left.
You knew the following spells:

 Your Spells              Type           Power      Damage    Failure   Level
a - Passwall              Tmut/Erth      0%         N/A       32%         2

Your spell library contained the following spells:

 Spells                   Type           Power      Damage    Failure   Level
 Beastly Appendage        Tmut           2%         N/A       22%         1
 Pain                     Necr           0%         1d4       24%         1
 Wereblood                Tmut           1%         N/A       32%         2
 Ignite Poison            Fire/Tmut/Pois 0%         N/A       56%         3
 Spider Form              Tmut/Pois      0%         N/A       56%         3
 Mephitic Cloud           Conj/Pois/Air  0%         N/A       58%         3
 Swiftness                Air            0%         N/A       58%         3
 Bolt of Magma            Conj/Fire/Erth 0%         4d4       99%         5
 Agony                    Necr           0%         N/A       100%        5
 Excruciating Wounds      Necr           0%         N/A       100%        5
 Invisibility             Hex            0%         N/A       100%        6


Dungeon Overview and Level Annotations

Branches:
Dungeon (5/15)
 Temple: D:4-7

Altars:

Shops:
D:1 ?

Annotations:
D:4 Edmund


Message History

Press: ? - help, Q - select action, (/) - cycle Shift-Dir - straight line, f/p - jelly
Aim: a jelly (moderately wounded, 89% to hit)
You throw a stone. The stone hits the jelly.
The jelly is moderately wounded.
Throw: 15 stones
Press: ? - help, Q - select action, (/) - cycle Shift-Dir - straight line, f/p - jelly
Aim: a jelly (moderately wounded, 89% to hit)
You throw a stone. The stone hits the jelly.
The jelly is moderately wounded.
Throw: 14 stones
Press: ? - help, Q - select action, (/) - cycle Shift-Dir - straight line, f/p - jelly
Aim: a jelly (moderately wounded, 89% to hit)
You throw a stone. The stone hits the jelly.
The jelly is heavily wounded.
You hit the jelly.
Your hands burn!
The jelly is heavily wounded.
The jelly hits you. The acid corrodes you!
You are splashed with acid!
You hit the jelly. The acid corrodes you!
Your hands burn!
The jelly is almost dead.
The jelly closely misses you.
You hit the jelly but do no damage.
Your hands burn!
The jelly is almost dead.
The jelly hits you.
You are splashed with acid!
* * * LOW HITPOINT WARNING * * *
You hit the jelly. The acid corrodes you!
Your hands burn!
* * * LOW HITPOINT WARNING * * *
The jelly is almost dead.
The jelly barely misses you.
You barely miss the jelly.
The jelly is almost dead.
The jelly closely misses you.
You hit the jelly but do no damage. The acid corrodes you!
Your hands burn!
* * * LOW HITPOINT WARNING * * *
The jelly is almost dead.
The jelly misses you.
You hit the jelly but do no damage. The acid corrodes you!
Your hands burn!
* * * LOW HITPOINT WARNING * * *
The jelly is almost dead.
The jelly hits you.
You die...

## # ##. (..
.. .(..##.
..(....######
...(((J@<.[.#
.#..#########


You could see a jelly.

Vanquished Creatures
  A bullfrog skeleton (D:3)
  A hound skeleton (D:4)
  2 adders (D:2)
  A dart slug (D:2)
  3 orcs (D:3)
  3 bats
  5 endoplasms
  3 giant cockroaches
  4 goblins
  4 hobgoblins
  4 jackals (D:2)
  4 quokkas
  2 ball pythons (D:3)
  2 frilled lizards
  3 kobolds
  4 rats
46 creatures vanquished.

Vanquished Creatures (others)
  An orc (D:3)
1 creature vanquished.

Grand Total: 47 creatures vanquished

Notes
Turn   | Place    | Note
-------+----------+-------------------------------------------
     0 | D:1      | ZARRMARR the Hill Orc Monk began the quest for the Orb.
     0 | D:1      | Reached XP level 1. HP: 19/19 MP: 1/1
   364 | D:1      | Reached XP level 2. HP: 26/26 MP: 2/2
   632 | D:1      | Found Powonge's Magic Scroll Emporium.
   682 | D:1      | Bought a scroll of identify for 24 gold pieces
   964 | D:2      | Reached XP level 3. HP: 23/33 MP: 3/3
  1189 | D:2      | Reached skill level 5 in Axes
  1835 | D:1      | Bought a scroll of identify for 24 gold pieces
  2301 | D:2      | Learned a level 2 spell: Passwall
  2451 | D:3      | Became a worshipper of Beogh the Brigand
  2451 | D:3      | Reached * piety under Beogh
  2451 | D:3      | Reached ** piety under Beogh
  2615 | D:3      | Reached XP level 4. HP: 40/40 MP: 4/4
  3668 | D:4      | Noticed Edmund
  3898 | D:5      | Entered Level 5 of the Dungeon
  3912 | D:5      | Slain by a jelly

Illustrated notes

Levels and vault maps discovered:
D:1:      scummos_arrival_gate, layout_rooms, serial_shops,
          nicolae_shop_competitors_out_of_business
D:2:      layout_loops_ring
D:3:      layout_basic
D:4:      layout_basic, mainiacjoe_overflow_alcove_2,
          minmay_temple_entry_butterflies, uniq_edmund
D:5:      layout_basic, lemuel_coloured_pillars_altar

Skill      XL: |  1  2  3 |
---------------+----------+-----
Axes           | 5 |  5.4
Fighting       | 4 |  4.1
Throwing       | |  0.8
Dodging        | |  2.9
Stealth        | |  1.8
Spellcasting   | |  0.4
Transmutations | |  0.2
Earth Magic    | |  0.4
Invocations    | |  0.3

Action                   |  1- 3 |  4- 6 || total
-------------------------+-------+-------++-------
Melee: Hand axe          |   112 |    57 ||   169
Throw: Stone             |    62 |    31 ||    93
Invok: Convert to Beogh  |     1 |       ||     1
  Use: Scroll            |     2 |       ||     2
 Stab: Sleeping          |     1 |     1 ||     2
Armor: Robe              |    14 |     6 ||    20
Dodge: Dodged            |    66 |    24 ||    90
